 Dungeon Crawl Stone Soup version 0.30-a0-870-gc5d4c5acee (webtiles) character file.

Game seed: 12031795995284559691

152 Gerhazo the Conjurer (level 5, -2/28 HPs)
             Began as a Deep Elf Conjurer on Mar 11, 2023.
             Slain by a mummy (10 damage)
             ... on level 4 of the Dungeon.
             The game lasted 00:03:00 (1061 turns).

Gerhazo the Conjurer (Deep Elf Conjurer)            Turns: 1061, Time: 00:03:01

Health: -2/28      AC:  3    Str:  4    XL:     5   Next: 11%
Magic:  6/14       EV: 12    Int: 25    God:
Gold:   23         SH:  0    Dex: 13    Spells: 10/13 levels left

rFire   . . .      SeeInvis .    h - +0 dagger (drain)
rCold   . . .      Faith    .    (no shield)
rNeg    . . .      Spirit   .    a - +0 robe
rPois   .          Reflect  .    (no helmet)
rElec   .          Rampage  .    (no cloak)
rCorr   .                        c - +0 pair of gloves
Will    .....                    (no boots)
Stlth   ++                       (no amulet)
HPRegen 0.24/turn                (no ring)
MPRegen 0.14/turn                (no ring)

@: no status effects
A: no striking features
a: no special abilities


You were on level 4 of the Dungeon.
You visited 1 branch of the dungeon, and saw 4 of its levels.

You collected 23 gold pieces.

Inventory:

Hand Weapons
 h - a +0 dagger of draining (weapon)
Armour
 a - a +0 robe (worn)
 c - a +0 pair of gloves (worn)
Jewellery
 f - a ring of poison resistance
Scrolls
 d - a scroll of identify {unknown}
 g - a scroll of teleportation {unknown}
Potions
 b - a potion of magic
 e - a potion of heal wounds {unknown}
 i - a potion of lignification
 j - a potion of cancellation {unknown}


   Skills:
 - Level 2.4 Dodging
 - Level 2.4 Stealth
 + Level 4.7 Spellcasting
 * Level 6.3 Conjurations


You had 10 spell levels left.
You knew the following spells:

 Your Spells              Type           Power      Damage    Failure   Level
a - Magic Dart            Conj           100%       1d8       1%          1
b - Searing Ray           Conj           74%        2d7       1%          2

Your spell library contained the following spells:

 Spells                   Type           Power      Damage    Failure   Level
 Dazzling Flash           Conj/Hex       42%        N/A       7%          3
 Necrotise                Necr           20%        1d5       9%          1
 Fulminant Prism          Conj/Hex       10%        3d8       22%         4
 Iskenderun's Mystic Bla  Conj/Tloc      21%        2d6       22%         4
 Vampiric Draining        Necr           5%         2d6       26%         3
 Agony                    Necr           5%         N/A       93%         5


Dungeon Overview and Level Annotations

Branches:
Dungeon (4/15)
 Temple: D:4-7

Altars:
Elyvilon

Portals:
Ossuary: D:4


Message History

A gnoll comes into view. It is wielding a +0 whip.
The gnoll shouts!
The hobgoblin misses you. The hobgoblin attacks as you move away!
The hobgoblin hits you. The hobgoblin attacks as you move away!
The hobgoblin misses you. The hobgoblin attacks as you move away!
The hobgoblin hits you. The hobgoblin attacks as you move away!
The hobgoblin closely misses you. The hobgoblin attacks as you move away!
The hobgoblin barely misses you.
You open the door.
A mummy comes into view.
The hobgoblin completely misses you.
Found a sand-covered staircase.
There is an open door here.
The hobgoblin hits you. The mummy closely misses you.
The hobgoblin attacks as you move away! The hobgoblin closely misses you.
You hear the quick hiss of an avalanche of sand.
Aiming: Searing Ray (safe; 1% risk of failure)
Press: ? - help, Q - select action, (/) - cycle Shift-Dir - straight line, f - hobgoblin
Aim: a hobgoblin (81% to hit)
The searing ray hits the hobgoblin!
You kill the hobgoblin! (Press . to maintain the ray.)
The searing ray hits the gnoll.
The gnoll is moderately wounded.
The gnoll hits you with a +0 whip. The mummy hits you.
The searing ray hits the gnoll.
The gnoll is severely wounded.
The gnoll closely misses you.
The searing ray misses the gnoll.
You finish channelling your searing ray.
The mummy hits you! The gnoll hits you with a +0 whip.
* * * LOW HITPOINT WARNING * * *
Aiming: Searing Ray (safe; 1% risk of failure)
Press: ? - help, Q - select action, (/) - cycle Shift-Dir - straight line, f - gnoll
Aim: a gnoll, wielding a +0 whip (severely wounded, 83% to hit)
The searing ray hits the gnoll.
You kill the gnoll! (Press . to maintain the ray.)
The mummy hits you!
You die...

## ### # ....#.# ##
.#.#. ##..... # .[.
#......# # #.# ..#..#.#
####.#######.#..##.# #
.>.............###.##.#
.###..........##@#... #
.# ######..(.##M)#.# .#
.# #...##∩..'.##.# "#
####....##..#.#..# .#
#.........##.#...# ..
..###....g.###g#.# .#
#....#..##...#
#g#..##..#..##
#.#........##


You could see a mummy.

Vanquished Creatures
  A hound (D:4)
  An orc priest (D:4)
  2 orc wizards (D:4)
  2 gnolls
  2 ufetubi (D:4)
  2 orcs (D:4)
  An endoplasm (D:4)
  3 giant cockroaches
  3 goblins
  2 hobgoblins
  2 ball pythons
  A bat (D:1)
  4 frilled lizards
  2 kobolds
  2 rats (D:1)
30 creatures vanquished.

Notes
Turn   | Place    | Note
-------+----------+-------------------------------------------
     0 | D:1      | Gerhazo the Deep Elf Conjurer began the quest for the Orb.
     0 | D:1      | Reached XP level 1. HP: 10/10 MP: 6/6
   169 | D:1      | Reached XP level 2. HP: 5/15 MP: 2/8
   173 | D:1      | Learned a level 2 spell: Searing Ray
   355 | D:1      | Found a faded altar of an unknown god.
   474 | D:3      | Reached skill level 5 in Conjurations
   643 | D:4      | Reached XP level 3. HP: 18/19 MP: 6/10
   823 | D:4      | Reached XP level 4. HP: 4/24 MP: 2/12
   833 | D:4      | Reached skill level 6 in Conjurations
   928 | D:4      | Found a white marble altar of Elyvilon.
  1024 | D:4      | Reached XP level 5. HP: 24/28 MP: 8/14
  1052 | D:4      | Found a sand-covered staircase.
  1061 | D:4      | Slain by a mummy

Illustrated notes

Levels and vault maps discovered:
D:1:      mrwooster_arrival_arrow, layout_basic, shapermc_ecumenical_altar_gd,
          minivault_27
D:2:      layout_basic, serial_forest, infiniplex_forest_zigzag_1,
          infiniplex_forest_corner_1, infiniplex_forest_clump_small,
          infiniplex_forest_lined_ring, infiniplex_forest_straight_1
D:3:      layout_loops_ring, grunt_ministairs_5
D:4:      layout_loops_ring, tgw_xom, lemuel_doored_altar,
          gup_ossuary_entry_pyramid

Skill      XL: |  1  2  3  4 |
---------------+-------------+-----
Conjurations   | 5 6 |  6.3
Spellcasting   | 4 |  4.7
Dodging        | |  2.4
Stealth        | |  2.4

Action                     |  1- 3 |  4- 6 || total
---------------------------+-------+-------++-------
  Melee: Unarmed           |     4 |       ||     4
         Dagger            |       |     2 ||     2
   Cast: Magic Dart        |     9 |       ||     9
         Searing Ray       |    16 |     5 ||    21
    Use: Potion            |       |     1 ||     1
 Armour: Robe              |     3 |     3 ||     6
         Skin              |       |     2 ||     2
  Dodge: Dodged            |     7 |    20 ||    27

Table legend: (Time is in decaauts)
 A = Elapsed time spent in this place.
 B = Non-inter-level travel time spent in this place.
 C = Inter-level travel time spent in this place.
 D = Time resting spent in this place.
 E = Time spent auto-exploring this place.
 F = Levels seen in this place.
 G = Mean time per level.
                   A        B        C        D        E       F      G
               +--------+--------+--------+--------+--------+-----+--------+
         Total |   1059 |    985 |     74 |    176 |    386 |   4 |  264.8 |
       Dungeon |   1059 |    985 |     74 |    176 |    386 |   4 |  264.8 |
               +--------+--------+--------+--------+--------+-----+--------+

Top non-repeatable levels by time:
     D:4: 513 daAuts
     D:1: 400 daAuts
     D:3: 80 daAuts
     D:2: 65 daAuts
